 Dungeon Crawl Stone Soup version 0.31.0-11-ge490571c62 (webtiles) character file.

Game seed: 8029214088401297241

26315 SnakkuSnakku7 the Bludgeoner (level 12, -6/86 HPs)
             Began as a Mummy Alchemist on Jan 27, 2024.
             Was the Champion of Wu Jian.
             Mangled by a black mamba (10 damage)
             ... on level 3 of the Lair of Beasts.
             The game lasted 00:20:23 (11278 turns).

SnakkuSnakku7 the Bludgeoner (Mummy Alchemist)     Turns: 11278, Time: 00:20:25

Health: -6/86      AC: 20    Str: 15    XL:     12   Next: 97%
Magic:  16/16      EV: 10    Int: 16    God:    Wu Jian [******]
Gold:   587        SH: 11    Dex: 12    Spells: 16/16 levels left

rFire   . . .        a - +4 eveningstar (vamp)
rCold   + + .        B - +0 kite shield {rC+}
rNeg    + + +        b - +0 steam dragon scales
rPois   ∞            y - +1 helmet "Yteinel" {^Contam rF+ Stlth+}
rElec   .            p - +2 cloak
rCorr   .            h - +2 pair of gloves
SInv    .            n - +2 pair of boots
Will    +....        (no amulet)
Stlth   +++          o - +4 ring of slaying
HPRegen 0.34/turn    w - +4 ring of protection
MPRegen 0.15/turn

%: faith
@: about to teleport
A: cold resistance 1, negative energy resistance 3, torment resistance 2, heat
vulnerability 1, in touch with death 1, no potions, faith
a: Renounce Religion, Wall Jump, Serpent's Lash, Heavenly Storm


You were on level 3 of the Lair of Beasts.
You worshipped Wu Jian.
Wu Jian was exalted by your worship.
You visited 3 branches of the dungeon, and saw 14 of its levels.
You also visited: Ice Cave.

You collected 1618 gold pieces.
You spent 1031 gold pieces at shops.

Inventory:

Hand Weapons
 a - a +4 vampiric eveningstar (weapon)
Missiles
 d - a throwing net (quivered)
Armour
 b - +0 steam dragon scales (worn)
 h - a +2 pair of gloves (worn)
 n - a +2 pair of boots (worn)
 p - a +2 cloak (worn)
 y - the +1 helmet "Yteinel" (worn) {^Contam rF+ Stlth+}
   (You bought it in a shop on level 10 of the Dungeon)

   rF+:       It protects you from fire.
   ^Contam:   It causes magical contamination when unequipped.
   Stlth+:    It makes you more stealthy.
 A - a +0 plate armour
 B - a +0 kite shield of cold resistance (worn)
Jewellery
 f - a ring of fire
 k - a ring of resist corrosion
 o - a +4 ring of slaying (left hand)
 s - a ring of see invisible
 v - a ring of flight
 w - a +4 ring of protection (right hand)
 z - a ring of ice
Wands
 e - a wand of acid (7)
 t - a wand of paralysis (1)
 C - a wand of flame (10)
Scrolls
 c - 5 scrolls of fog
 g - a scroll of enchant armour
 i - 3 scrolls of teleportation
 l - 4 scrolls of noise
 m - a scroll of revelation
 q - a scroll of torment
 r - 5 scrolls of vulnerability
 u - a scroll of silence
 x - 3 scrolls of identify
 D - a scroll of immolation


   Skills:
 - Level 5.0 Fighting
 + Level 15.0 Maces & Flails
 - Level 1.5 Dodging
 - Level 1.5 Stealth
 - Level 10.0 Shields
 - Level 2.6 Spellcasting
 - Level 0.7 Conjurations
 - Level 2.4 Alchemy


You had 16 spell levels left.
You didn't know any spells.
Your spell library contained the following spells:

 Spells                   Type           Power      Damage    Failure   Level
 Sting                    Conj/Alch      28%        1d4       22%         1
 Mercury Vapours          Alch/Air       12%        N/A       36%         2
 Apportation              Tloc           4%         N/A       38%         1
 Freeze                   Ice            8%         1d3       38%         1
 Necrotise                Necr           12%        1d4       38%         1
 Summon Small Mammal      Summ           8%         N/A       38%         1
 Momentum Strike          Conj/Tloc      6%         3d8       50%         2
 Blink                    Tloc           4%         N/A       54%         2
 Jinxbite                 Hex            4%         N/A       54%         2
 Lesser Beckoning         Tloc           4%         N/A       54%         2
 Scorch                   Fire           4%         2d5       54%         2
 Mephitic Cloud           Conj/Alch/Air  5%         N/A       63%         3
 Hailstorm                Conj/Ice       3%         3d5       73%         3
 Frozen Ramparts          Ice            4%         1d1       77%         3
 Olgreb's Toxic Radiance  Alch           9%         N/A       83%         4
 Sticky Flame             Fire/Alch      6%         2d4       95%         4
 Flame Wave               Conj/Fire      3%         2d5       98%         4
 Yara's Violent Unravell  Hex/Alch       3%         3d4       100%        5
 Summon Cactus Giant      Summ           1%         N/A       100%        6
 Enfeeble                 Hex            1%         N/A       100%        7


Dungeon Overview and Level Annotations

Branches:
Dungeon (10/15)            Temple (1/1) D:4            Lair (3/5) D:10
 Shoals (0/4) Lair:3        Snake (0/4) Lair:2          Orc (0/2) D:9
  IceCv (visited)

Altars:
Ashenzari
Cheibriados
Dithmenos
Fedhas
Gozag
Hepliaklqana
Kikubaaqudgha
Makhleb
Nemelex Xobeh
Okawaru
Qazlal
Ru
Sif Muna
Trog
Uskayaw
Vehumet
Wu Jian
Xom
Yredelemnul

Shops:
D:1 =   D:2 =   D:3 *   D:6 **   D:9 !   D:10 [

Annotations:
D:8 Maggie
Temple 2 transporters


Innate Abilities, Weirdness & Mutations

You are immune to poison.
Your flesh is cold resistant. (rC+)
You are immune to negative energy. (rN+++)
You are immune to unholy pain and torment.
You are vulnerable to heat. (rF-)
You are in touch with the powers of death.
You do not drink.
You have a special connection with the divine. (Faith)


Message History

You block the four-headed hydra's attack.
You block the wyvern's attack.
You hit the four-headed hydra.
You feel better.
The four-headed hydra is severely wounded.
You block the wyvern's attack.
The four-headed hydra barely misses you.
The four-headed hydra bites you!
The four-headed hydra bites you but does no damage.
The four-headed hydra bites you.
* * * LOW HITPOINT WARNING * * *
As you read the scroll of fear, it crumbles to dust.
You assume a fearsome visage.
The wyvern looks frightened!
The black bear looks frightened!
The black mamba looks frightened!
The wyvern resists with some effort.
The four-headed hydra looks frightened!
You carefully extract the barbed spikes from your body.
The wyvern bites you but does no damage.
Cornered, the black mamba turns to fight!
Unknown command.
You barely miss the wyvern. The wyvern closely misses you.
Cornered, the wyvern turns to fight!
Unknown command.
As you read the scroll of teleportation, it crumbles to dust.
You feel strangely unstable. The wyvern barely misses you.
The black mamba bites you.
* * * LOW HITPOINT WARNING * * *
You closely miss the black mamba. The wyvern bites you.
* * * LOW HITPOINT WARNING * * *
A black bear comes into view.
The black mamba bites you!
* * * LOW HITPOINT WARNING * * *
Unknown command.
You can't drink.
Unknown command.
The black bear growls angrily.
You bludgeon the black mamba!!
The black mamba is severely wounded.
The wyvern bites you.
* * * LOW HITPOINT WARNING * * *
The black mamba bites you!
You die...

##########**,,*,,,,** ***
#P.......#*~,**,**,,*****,#
*#.......#$(~~≈≈≈##.*+,..##
#.......#(?~~~≈≈≈S.***#..#
#......##~~~≈~≈≈..#* #...
#.......##≈≈w≈≈≈≈.,* *##.#
##........#≈S≈y≈≈#*,* *...#
#......>#.##H.≈≈#*,,* *##..
##......#.@#..###..#* ##.#
##..#..#.SkDH.hh.#* ####
#####P....###k###.###* ####
#...........### **#*,** ####
##P.........## *** *,,* #.##
#............# *,***,*#**##..
###.........###**,,,,,(.###..
##...........###,,,,,,#.P..#
#..†.......+...#,,,,,,+,..#.


You could see a four-headed hydra (fleeing), a manticore, a black mamba, 2 black
bears and 2 wyverns.

Vanquished Creatures
  Fannar (Lair:2)
  Harold (D:9)
  An ice dragon (IceCv)
  2 two-headed ogres (D:8)
  2 cyclopes (D:8)
  4 elephants (Lair:2)
  2 torpor snails
  2 ice statues (IceCv)
  Joseph (D:9)
  4 rime drakes (IceCv)
  Jeremiah (D:9)
  2 cane toads
  A komodo dragon (Lair:2)
  3 hornets
  8 blink frogs
  3 dream sheep (Lair:1)
  Sigmund (D:3)
  A wraith (D:7)
  47 yaks
  3 wyverns
  Eustachio (D:5)
  3 basilisks
  2 steam dragons
  An acid dragon (D:9)
  7 water moccasins
  5 orc warriors
  4 ice beasts
  A sky beast (D:8)
  A black bear (Lair:3)
  2 ogres
  10 wolves
  2 centaurs
  3 phantoms
  2 kobold brigands (D:8)
  A gnoll sergeant (D:8)
  5 bullfrogs
  4 scorpions
  4 wights (D:10)
  18 killer bees
  2 lindwurm simulacra (IceCv)
  4 howler monkeys
  2 bombardier beetles (D:5)
  5 komodo dragon simulacra (IceCv)
  2 jellies
  3 hounds
  2 gnoll boudas
  5 orc priests
  4 iguanas
  2 sleepcaps
  10 orc wizards
  Robin (D:3)
  13 gnolls
  4 acid dragon simulacra (IceCv)
  11 adders
  2 shadow imps
  10 steam dragon simulacra (IceCv)
  2 ribbon worms
  3 dart slugs
  32 orcs
  6 ball pythons
  7 endoplasms
  A giant cockroach (D:1)
  13 goblins
  8 hobgoblins
  13 jackals
  4 quokkas
  8 bats
  2 frilled lizards
  16 kobolds
  4 rats
367 creatures vanquished.

Vanquished Creatures (others)
  An orc wizard (D:9)
1 creature vanquished.

Grand Total: 368 creatures vanquished

Notes
Turn   | Place    | Note
-------+----------+-------------------------------------------
     0 | D:1      | SnakkuSnakku7 the Mummy Alchemist began the quest for the
                  | Orb.
     0 | D:1      | Reached XP level 1. HP: 13/13 MP: 4/4
    24 | D:1      | Found Pemnon's Jewellery Boutique.
    99 | D:1      | Reached skill level 1 in Maces & Flails
   142 | D:1      | Reached XP level 2. HP: 7/20 MP: 5/5
   259 | D:1      | Reached skill level 2 in Maces & Flails
   388 | D:1      | Reached XP level 3. HP: 24/25 MP: 7/7
   715 | D:2      | Reached XP level 4. HP: 23/31 MP: 8/8
   745 | D:2      | Reached skill level 3 in Maces & Flails
   924 | D:2      | Found Voaceff's Jewellery Boutique.
  1209 | D:3      | Found Roof's Assorted Antiques.
  1213 | D:3      | Noticed Robin
  1351 | D:3      | Bought a scroll labelled JUBIWU SOQUMORR for 22 gold pieces
  1351 | D:3      | Bought a scroll of identify for 44 gold pieces
  1399 | D:3      | Noticed Sigmund
  1483 | D:4      | Noticed a scorpion
  1494 | D:4      | Killed a scorpion
  1495 | D:4      | Reached skill level 4 in Maces & Flails
  1495 | D:4      | Reached XP level 5. HP: 28/36 MP: 9/9
  1671 | D:4      | Found a staircase to the Ecumenical Temple.
  1695 | Temple   | Found a transporter.
  1695 | Temple   | Found a transporter.
  1695 | Temple   | Found a transporter.
  1695 | Temple   | Found a transporter.
  1695 | Temple   | Entered the Ecumenical Temple
  1708 | Temple   | Became a worshipper of the Wu Jian Council
  2107 | D:3      | Reached * piety under Wu Jian
  2118 | D:3      | Reached XP level 6. HP: 42/42 MP: 10/10
  2150 | D:3      | Reached skill level 5 in Maces & Flails
  2408 | D:3      | Killed Sigmund
  2549 | D:3      | Killed Robin
  2749 | D:5      | Entered Level 5 of the Dungeon
  2756 | D:5      | Reached skill level 6 in Maces & Flails
  2768 | D:5      | Reached XP level 7. HP: 15/47 MP: 11/11
  2874 | D:5      | Noticed Eustachio
  2903 | D:5      | Killed Eustachio
  2904 | D:5      | Reached skill level 7 in Maces & Flails
  2977 | D:5      | Reached XP level 8. HP: 53/53 MP: 12/12
  3026 | D:5      | Reached skill level 8 in Maces & Flails
  3042 | D:5      | Reached ** piety under Wu Jian
  3492 | D:6      | Reached skill level 9 in Maces & Flails
  3661 | D:6      | Found Vuuh Myx's General Store.
  3669 | D:6      | Bought 2 scrolls of fog for 88 gold pieces
  3669 | D:6      | Bought a scroll of torment for 104 gold pieces
  3720 | D:6      | Found Irorpha's Gadget Gallery.
  3992 | D:6      | Reached XP level 9. HP: 52/58 MP: 13/13
  4071 | D:7      | Reached skill level 10 in Maces & Flails
  4395 | D:7      | Found a hazy altar of Hepliaklqana.
  4575 | D:7      | Reached skill level 5 in Fighting
  4651 | D:7      | Reached skill level 11 in Maces & Flails
  4730 | D:7      | Reached *** piety under Wu Jian
  4749 | D:7      | Found an ancient bone altar of Kikubaaqudgha.
  4791 | D:7      | Reached XP level 10. HP: 74/74 MP: 14/14
  5061 | D:8      | Reached skill level 12 in Maces & Flails
  5158 | D:8      | Reached **** piety under Wu Jian
  5246 | D:8      | Identified a scroll of acquirement
  5247 | D:8      | Acquired 369 gold pieces
  5403 | D:1      | Bought a +4 ring of protection for 504 gold pieces
  5622 | D:8      | Noticed a two-headed ogre
  5631 | D:8      | Killed a two-headed ogre
  5638 | D:8      | Noticed a two-headed ogre
  5639 | D:8      | Noticed a cyclops
  5703 | D:8      | Noticed a cyclops
  5725 | D:8      | Killed a cyclops
  5735 | D:8      | Noticed Maggie
  5809 | D:9      | Found Noajoice's Distillery.
  5979 | D:9      | Noticed Harold
  6018 | D:9      | HP: 2/74 [Harold/harpoon shot (8)]
  6286 | D:8      | Killed a two-headed ogre
  6287 | D:8      | Reached XP level 11. HP: 79/79 MP: 15/15
  6371 | D:9      | Reached skill level 5 in Shields
  6658 | D:9      | Noticed Joseph
  6673 | D:9      | Reached ***** piety under Wu Jian
  6682 | D:9      | Killed Joseph
  6688 | D:9      | Noticed Jeremiah
  6935 | D:9      | Found a staircase to the Orcish Mines.
  7001 | D:9      | Killed Jeremiah
  7125 | D:9      | Killed Harold
  7257 | D:10     | Entered Level 10 of the Dungeon
  7288 | D:10     | Found a staircase to the Lair.
  7490 | D:10     | Found Muhel's Armour Emporium.
  7809 | D:10     | Bought the +1 helmet "Yteinel" {^Contam rF+ Stlth+} for 269
                  | gold pieces
  8183 | Lair:1   | Entered Level 1 of the Lair of Beasts
  8729 | Lair:1   | Reached XP level 12. HP: 79/86 MP: 16/16
  9098 | Lair:2   | Reached skill level 10 in Shields
  9130 | Lair:2   | Reached skill level 13 in Maces & Flails
  9336 | Lair:2   | Noticed Fannar
  9362 | Lair:2   | Killed Fannar
  9483 | Lair:3   | Reached ****** piety under Wu Jian
  9589 | Lair:2   | Reached skill level 14 in Maces & Flails
  9609 | Lair:2   | Found a frozen archway.
  9621 | IceCv    | Entered an ice cave
 10517 | IceCv    | Noticed an ice dragon
 10592 | IceCv    | Killed an ice dragon
 11161 | Lair:3   | Found a staircase to the Shoals.
 11187 | Lair:3   | Reached skill level 15 in Maces & Flails
 11264 | Lair:3   | Noticed a four-headed hydra
 11278 | Lair:3   | HP: 4/86 [wyvern (3)]
 11278 | Lair:3   | Mangled by a black mamba

Illustrated notes

Levels and vault maps discovered:
D:1:      lightli_arrival_maybe_door_vault, layout_basic, serial_shops, shop,
          minmay_unequal
D:2:      layout_basic, serial_shops, nicolae_shop_gaudy_bauble, st_stairs_12
D:3:      minmay_bubble_buster, layout_loops_ring, nicolae_elyvilon_temple_path,
          serial_shops, shop, uniq_sigmund, uniq_robin
D:4:      layout_gridville, temple_pool_b, minmay_crystal_water
D:5:      layout_cave_pools, minmay_fractal_squares_5, uniq_eustachio
D:6:      layout_loops_ring, serial_shops, nicolae_diamond_shop, st_stairs_10,
          nicolae_shop_gadgets
D:7:      layout_rooms, worldfamousw_hep_ancestral_shrine,
          mainiacjoe_overflow_small_starburst
D:8:      layout_rooms, hangedman_decor_opposing,
          hellmonk_guarded_unrand_dark_maul, uniq_maggie
D:9:      layout_loops_cross, erik_orc_4, serial_shops,
          nicolae_shop_hallway_plus, uniq_harold, uniq_joseph, uniq_jeremiah
D:10:     layout_irregular_city, dpeg_oklobed_lair, serial_shops, shop
Temple:   hellmonk_temple_divided_pantheon
Lair:1:   layout_hall_layers, chequers_serial_rivers_micro_e
Lair:2:   nzn_winding_woodlands_huge [nzn_winding_woodlands_5x15_jagged,
          nzn_winding_woodlands_5x15_garden,
          nzn_winding_woodlands_5x15_concentric,
          nzn_winding_woodlands_5x15_sidewinder,
          nzn_winding_woodlands_5x15_lazy_stream,
          nzn_winding_woodlands_5x15_parted, nzn_winding_woodlands_5x15_pockets,
          nzn_winding_woodlands_5x15_river_crossing,
          nzn_winding_woodlands_5x15_zeroes, nzn_winding_woodlands_5x15_eye,
          nzn_winding_woodlands_center_garden,
          nzn_winding_woodlands_center_pierced_h,
          nzn_winding_woodlands_15x15_boxy_spiral], layout_cellular_growth,
          alex1729_snake_entry_snake, portal_ice_cave_entry_pillars_2,
          uniq_fannar
Lair:3:   layout_roguey, elwin_shoals_entry_rocks, pdpol_lair_cavern_descent

Skill      XL: |  1  2  3  4  5  6  7  8  9 10 11 12 |
---------------+-------------------------------------+-----
Maces & Flails | 1 2 4 6 7 9 11 12 15 | 15.0
Fighting       | 5 |  5.0
Shields        | 4 9 10 | 10.0
Dodging        | |  1.5
Stealth        | |  1.5
Spellcasting   | |  2.6
Conjurations   | |  0.7
Alchemy        | |  2.4

Action                     |  1- 3 |  4- 6 |  7- 9 | 10-12 || total
---------------------------+-------+-------+-------+-------++-------
  Melee: Eveningstar       |   106 |   200 |   258 |   951 ||  1515
         Mace              |     7 |       |       |       ||     7
         Punch             |     1 |     2 |     3 |     3 ||     9
   Cast: Sting             |     1 |       |       |       ||     1
Ability: Lunge             |       |     2 |    15 |    46 ||    63
         Whirlwind         |       |       |     5 |    22 ||    27
  Evoke: Wand              |       |     2 |     4 |    12 ||    18
    Use: Scroll            |       |     9 |     5 |    17 ||    31
   Stab: Distracted        |       |       |     1 |     2 ||     3
         Paralysed         |       |       |       |    10 ||    10
         Sleeping          |       |       |       |     5 ||     5
 Armour: Robe              |     8 |       |       |       ||     8
         Scale mail        |   107 |   209 |   180 |       ||   496
         Steam dragon scal |       |       |    19 |   724 ||   743
  Dodge: Dodged            |    95 |   147 |    93 |   391 ||   726
  Block: Kite shield       |       |       |       |   386 ||   386
